 Dungeon Crawl Stone Soup version 0.24-a0-375-g4de66ed42b (webtiles) character file.

Game seed: 3685657498026199492

270 PentaManta the Cutter (level 6, -3/35 HPs)
             Began as a Kobold Hunter on May 31, 2019.
             Was an Initiate of Okawaru.
             Slain by Blork the orc
             ... wielding a +3 flail of venom
              (13 damage)
             ... on level 4 of the Dungeon.
             The game lasted 00:06:16 (2583 turns).

PentaManta the Cutter (Kobold Hunter)               Turns: 2583, Time: 00:06:17

Health: -3/35      AC:  5    Str:  9    XL:     6   Next: 46%
Magic:  6/6        EV: 17    Int: 12    God:    Okawaru [......]
Gold:   249        SH:  0    Dex: 18    Spells: 5/5 levels left

rFire    . . .     SeeInvis .   a - +1 hand crossbow
rCold    . . .     Gourm    .   (shield restricted)
rNeg     . . .     Faith    .   c - +0 leather armour
rPois    .         Spirit   .   (no helmet)
rElec    .         Reflect  .   v - +1 cloak {+Inv}
rCorr    .         Harm     .   (no gloves)
MR       .....                  (no boots)
Stlth    ++........             (no amulet)
HPRegen  0.11/turn              (no ring)
MPRegen  0.10/turn              (no ring)

@: lethally poisoned (-3 -> -17), lightly drained
A: small, carnivore
a: Renounce Religion, Evoke Invisibility


You were on level 4 of the Dungeon.
You worshipped Okawaru.
Okawaru was noncommittal.
You were not hungry.

You visited 1 branch of the dungeon, and saw 4 of its levels.

You collected 249 gold pieces.

Inventory:

Hand Weapons
 a - a +1 hand crossbow (weapon)
 b - a +0 short sword
 w - a +2 dagger of protection
 z - a +0 rapier
 A - a +1 short sword of draining
Missiles
 d - 28 bolts
 e - 16 poisoned darts (quivered)
 l - a throwing net
Armour
 c - a +0 leather armour (worn)
 v - a +1 cloak of invisibility (worn)
Jewellery
 j - an uncursed amulet of harm {unknown}
 y - an uncursed amulet of harm {unknown}
Scrolls
 g - 8 scrolls of identify {unknown}
 i - 6 scrolls of remove curse {unknown}
 k - a scroll of immolation {unknown}
 q - a scroll of magic mapping {unknown}
 r - a scroll of blinking {unknown}
 s - a scroll of fear {unknown}
 t - a scroll of noise {unknown}
 u - 2 scrolls of enchant weapon {unknown}
Potions
 h - 3 potions of curing {unknown}
 m - a potion of haste {unknown}
 n - a potion of agility {unknown}
 o - a potion of magic {unknown}
 p - a potion of might
 x - a potion of resistance {unknown}
Comestibles
 f - 5 rations


   Skills:
 - Level 2.1(1.9) Fighting
 * Level 6.3(6.1) Short Blades
 - Level 4.8(4.6) Crossbows
 + Level 4.7(4.5) Dodging
 - Level 1.3(1.1) Stealth


You had 5 spell levels left.
You didn't know any spells.
Your spell library contained the following spells:

 Spells                   Type           Power        Failure   Level  Hunger
 Corpse Rot               Necr           N/A          56%         2    ###....
 Sublimation of Blood     Necr           #.........   56%         2    ###....
 Agony                    Necr           #.......     100%        5    ######.
 Bolt of Draining         Conj/Necr      #.........   100%        5    ######.
 Dispel Undead            Necr           #.......     100%        5    ######.
 Excruciating Wounds      Chrm/Necr      #.........   100%        5    ######.


Dungeon Overview and Level Annotations

Branches:
Dungeon (4/15)
 Temple: D:4-7

Altars:
Nemelex Xobeh
Okawaru

Annotations:
D:4 Blork the orc


Innate Abilities, Weirdness & Mutations

You are small and have problems with some larger weapons.
You are carnivorous and can eat meat at any time.


Message History

Press: ? - help, Shift-Dir - straight line, f - you Really target yourself? [Y]es or [N]o only, please.
Really target yourself?
Okay, then.
Firing (i - inventory. (/) - cycle)
d - 28 bolts (quivered)
Press: ? - help, Shift-Dir - straight line
Okay, then.
Quiver which item? (- for none, * to show all) (? for menu, Esc to quit)
Quivering
e - 18 poisoned darts for throwing.
Throwing (i - inventory. (/) - cycle)
e - 18 poisoned darts (quivered)
Press: ? - help, Shift-Dir - straight line You throw a poisoned dart.
You feel sick.
You hear some strange, mumbled words.
Throwing (i - inventory. (/) - cycle)
e - 17 poisoned darts (quivered)
Press: ? - help, Shift-Dir - straight line You throw a poisoned dart.
* * * LOW HITPOINT WARNING * * *
You feel sick. Something hits you!
You die...

#...#
############.######
#....#......>.......
#.##...#####.#######
#.###.## #.# #.# #.#
#.# ##.###[# #.#
#...##.# #.#
#.###.#@# #.# ###.#
##{.# .# ... #..#
.##.. ##.##
.......##.## #....##
###.## #. #.


There were no monsters in sight!

Vanquished Creatures
  A hound (D:4)
  Crazy Yiuf (D:2)
  Natasha (thrice) (D:2)
  7 adders
  An ooze (D:1)
  A worm (D:2)
  A dart slug (D:1)
  2 leopard geckos (D:3)
  4 orcs
  2 ball pythons
  3 giant cockroaches
  3 goblins
  9 hobgoblins
  6 kobolds
  11 bats
  7 frilled lizards
  6 rats
68 creatures vanquished.

Notes
Turn   | Place    | Note
-------+----------+-------------------------------------------
     0 | D:1      | PentaManta the Kobold Hunter began the quest for the Orb.
     0 | D:1      | Reached XP level 1. HP: 12/12 MP: 1/1
   131 | D:1      | Reached skill level 1 in Short Blades
   213 | D:1      | Reached XP level 2. HP: 17/17 MP: 2/2
   357 | D:1      | Reached skill level 2 in Short Blades
   544 | D:1      | Reached XP level 3. HP: 21/21 MP: 3/3
   935 | D:2      | Found a runed translucent door.
   936 | D:2      | Noticed Crazy Yiuf
   957 | D:2      | Reached skill level 3 in Short Blades
  1083 | D:2      | Noticed Natasha
  1086 | D:2      | Killed Natasha
  1086 | D:2      | Reached skill level 4 in Short Blades
  1086 | D:2      | Reached XP level 4. HP: 23/26 MP: 4/4
  1387 | D:2      | Reached XP level 5. HP: 23/30 MP: 5/5
  1453 | D:2      | Noticed Natasha
  1456 | D:2      | Killed Natasha
  1476 | D:2      | Noticed Natasha
  1481 | D:2      | Killed Natasha
  1481 | D:2      | Reached skill level 5 in Short Blades
  1611 | D:2      | Killed Crazy Yiuf
  1707 | D:3      | Found a sparkling altar of Nemelex Xobeh.
  1712 | D:3      | Found an iron altar of Okawaru.
  1730 | D:3      | Became a worshipper of Warmaster Okawaru
  1736 | D:3      | Reached XP level 6. HP: 35/35 MP: 6/6
  2009 | D:3      | Reached skill level 6 in Short Blades
  2549 | D:4      | Noticed Blork the orc
  2583 | D:4      | Slain by Blork the orc

Levels and vault maps discovered:
D:1:      dpeg_arrival_leaves_temple_mockup, layout_loops_ring,
          serial_bayou_lake_a
D:2:      layout_rooms, st_stairs_10, uniq_crazy_yiuf_cottage, uniq_natasha
D:3:      layout_basic, chequers_temple_overflow_statue_of_worship,
          first_ration, kennysheep_boxes
D:4:      layout_loops_ring, nicolae_ru_the_path_less_chosen, minmay_ruptured,
          uniq_blork_the_orc, uniq_sigmund

Skill      XL: |  1  2  3  4  5  6 |
---------------+-------------------+-----
Short Blades   | 1 2 4 5 6 |  6.3
Dodging        | 3 4 |  4.7
Fighting       | |  2.1
Crossbows      | |  4.8
Stealth        | |  1.3

Action                   |  1- 3 |  4- 6 || total
-------------------------+-------+-------++-------
Melee: Short sword       |    35 |       ||    35
 Fire: Hand crossbow     |    58 |   110 ||   168
Throw: Dart              |    18 |     2 ||    20
 Stab: Sleeping          |     2 |       ||     2
  Eat: Chunk             |       |     5 ||     5
Armor: Leather armour    |    15 |     5 ||    20
Dodge: Dodged            |    80 |    36 ||   116

Table legend:
 A = Non-vault XP
 B = Vault XP
 C = Vault XP percentage of total XP
 D = Non-vault monster count
 E = Vault monster count
 F = Vault count percentage of total count
                 A         B        C        D         E       F
            +---------+---------+-------+---------+---------+-------
      Total |     306 |      80 |  20.7 |      64 |       4 |   5.9
            +---------+---------+-------+---------+---------+-------
        D:1 |      35 |       0 |   0.0 |      17 |       0 |   0.0
        D:2 |     147 |      80 |  35.2 |      20 |       4 |  16.7
        D:3 |      74 |       0 |   0.0 |      23 |       0 |   0.0
        D:4 |      50 |       0 |   0.0 |       4 |       0 |   0.0
            +---------+---------+-------+---------+---------+-------
